 Dungeon Crawl Stone Soup version 0.31.0-32-g396128a36d (webtiles) character file.

Game seed: 2874644715129716633

4800 Zeor the Carver (level 10, -15/49 (58) HPs)
             Began as a Tengu Reaver on Apr 8, 2024.
             Was a Priest of Wu Jian.
             Demolished by Gastronok (32 damage)
             ... on level 8 of the Dungeon on Apr 10, 2024.
             The game lasted 00:31:11 (7078 turns).

Zeor the Carver (Tengu Reaver)                      Turns: 7078, Time: 00:31:11

HP:   -15/49 (58)   AC:  7    Str: 12    XL:     10   Next: 48%
MP:   15/17         EV: 23    Int: 17    God:    Wu Jian [***...]
Gold: 411           SH:  0    Dex: 14    Spells: 5/17 levels left

rFire   . . .        a - +0 falchion
rCold   . . .        (no shield)
rNeg    . . .        E - +2 leather armour of Ru, Telling {Rampage rPois rC- Slay+2}
rPois   +            (helmet restricted)
rElec   .            (no cloak)
rCorr   .            n - +1 pair of gloves
SInv    .            (boots unavailable)
Will    .....        k - amulet of regeneration
Stlth   +++          h - +5 ring of evasion
HPRegen 1.08/turn    t - ring of protection from cold
MPRegen 0.15/turn

%: acrobat, rampage
@: flying, slowed, studying Shields, heavily drained, invisible, very slow
A: beak, talons 3, evasive flight, acrobatic
a: Renounce Religion, Wall Jump, Serpent's Lash


You were on level 8 of the Dungeon.
You worshipped Wu Jian.
Wu Jian was most pleased with you.
You visited 2 branches of the dungeon, and saw 9 of its levels.

You collected 609 gold pieces.
You spent 198 gold pieces at shops.

Inventory:

Hand Weapons
 a - a +0 falchion (weapon)
 o - a +2 dagger of electrocution
 z - a +1 dagger of holy wrath
 F - a +2 antimagic falchion
Missiles
 I - 4 curare-tipped darts
Armour
 g - a +1 robe of fire resistance
 n - a +1 pair of gloves (worn)
 s - a +1 leather armour of poison resistance
 B - an orb of mayhem
 E - the +2 leather armour of Ru, Telling (worn) {Rampage rPois rC- Slay+2}
   (You found it on level 7 of the Dungeon)

   Slay+2:    It affects your accuracy & damage with ranged weapons and melee
   (+2).
   rC-:       It makes you vulnerable to cold.
   rPois:     It protects you from poison Rampage: It bestows one free step when
   moving towards enemies.
 K - the +1 plate armour of the Shifting Gods {Regen+ Str+4 Dex-3 Slay+2}
   (You found it on level 8 of the Dungeon)

   Str+4:     It affects your strength (+4).
   Dex-3:     It affects your dexterity (-3).
   Slay+2:    It affects your accuracy & damage with ranged weapons and melee
   (+2).
   Regen+:    It increases your rate of health regeneration.
Jewellery
 h - a +5 ring of evasion (left hand)
 j - an amulet of guardian spirit
 k - an amulet of regeneration (around neck)
 m - a ring of protection from fire
 q - a ring of positive energy
 t - a ring of protection from cold (right hand)
 w - a ring of see invisible
 A - a ring of protection from fire
Talismans
 i - a beast talisman
Wands
 e - a wand of roots (12)
 l - a wand of quicksilver (7)
 r - a wand of mindburst (29)
 C - a wand of charming (11)
Scrolls
 c - 4 scrolls of fear
 x - 2 scrolls of fog
 y - a scroll of blinking
 D - a scroll of immolation
 G - a scroll of identify
 H - a scroll of teleportation
 J - a scroll of enchant armour
Potions
 b - 5 potions of curing
 d - 2 potions of enlightenment
 f - 3 potions of resistance
 p - 2 potions of heal wounds
 u - 3 potions of attraction


   Skills:
 + Level 4.7 Fighting
 * Level 10.5 Long Blades
 + Level 3.5 Armour
 * Level 6.0 Dodging
 + Level 4.6 Stealth
 + Level 4.2 Spellcasting
 * Level 9.1 Conjurations
 + Level 0.6 Translocations
 + Level 1.8 Air Magic
 + Level 2.1 Alchemy


You had 5 spell levels left.
You knew the following spells:

 Your Spells              Type           Power      Damage    Failure   Level
a - Apportation           Tloc           10%        N/A       16%         1
c - Mephitic Cloud        Conj/Alch/Air  18%        N/A       10%         3
h - Hailstorm             Conj/Ice       19%        3d7       9%          3
k - Kiss of Death         Conj/Necr      76%        2d11      3%          1
m - Momentum Strike       Conj/Tloc      40%        3d9       4%          2
s - Sting                 Conj/Alch      88%        1d8       1%          1
z - Shock                 Conj/Air       88%        1d8       1%          1

Your spell library contained the following spells:

 Spells                   Type           Power      Damage    Failure   Level
 Mercury Vapours          Alch/Air       20%        N/A       13%         2
 Necrotise                Necr           12%        1d4       21%         1
 Summon Small Mammal      Summ           12%        N/A       21%         1
 Lesser Beckoning         Tloc           10%        N/A       22%         2
 Iskenderun's Mystic Bla  Conj/Tloc      20%        2d6       26%         4
 Swiftness                Air            9%         N/A       28%         3
 Gell's Gravitas          Tloc           5%         N/A       41%         3
 Teleport Other           Tloc           5%         N/A       41%         3
 Confusing Touch          Hex            3%         N/A       52%         3
 Tukima's Dance           Hex            3%         N/A       52%         3
 Airstrike                Air            4%         2d(1-17)  67%         4
 Freezing Cloud           Conj/Ice/Air   8%         6-21      77%         5
 Dimensional Bullseye     Hex/Tloc       2%         N/A       86%         4
 Dispel Undead            Necr           3%         3d7       89%         4


Dungeon Overview and Level Annotations

Branches:
Dungeon (8/15)             Temple (1/1) D:4
   Lair: D:8-11

Altars:
Ashenzari
Dithmenos
Elyvilon
Gozag
Hepliaklqana
Kikubaaqudgha
Makhleb
Nemelex Xobeh
Okawaru
Ru
Trog
Uskayaw
Vehumet
Wu Jian
Xom
Yredelemnul
Zin
The Shining One

Shops:
D:3 !   D:8 ?

Annotations:
D:8 Gastronok


Innate Abilities, Weirdness & Mutations

You have a beak for a mouth.
You have claws for feet.
Your magical flight helps you evade attacks. (EV +4)
You can magically evade attacks while moving or waiting.


Message History

Gastronok is moderately wounded.
Press: ? - help, v - describe, . - travel
Here: Gastronok, wearing a +1 hat (noxious fumes, moderately wounded)
The floor.
You hit Gastronok. You claw Gastronok.
Gastronok is moderately wounded.
Gastronok is engulfed in noxious fumes.
Gastronok gurgles, "You're how I like my food.
Fast!"
Gastronok looks at you and mumbles some strange words.
You feel yourself slow down.
Okay, then.
Casting: Mephitic Cloud (dangerous; 10% risk of failure)
Confirm with . or Enter, or press ? or * to list all spells.
Okay, then.
Unknown command.
Casting: Mephitic Cloud (dangerous; 10% risk of failure)
Confirm with . or Enter, or press ? or * to list all spells.
Aiming: Kiss of Death (safe; 3% risk of failure)
Press: ? - help, Shift-Dir - straight line, f/p - Gastronok
Aim: Gastronok, wearing a +1 hat (noxious fumes, moderately wounded, 100% to hit)
The negative energy hits Gastronok!
Gastronok is drained!
Gastronok is heavily wounded.
You feel drained.
The kobold throws a stone.
The stone hits Gastronok.
You barely miss Gastronok. You claw Gastronok. You peck Gastronok.
Gastronok is heavily wounded.
Gastronok is engulfed in noxious fumes.
Gastronok's eyestalks wobble, almost dislodging his wizard hat.
Gastronok bites you!
You hit Gastronok. You claw Gastronok. You peck Gastronok.
Gastronok is heavily wounded.
You barely miss Gastronok. You claw Gastronok.
You peck Gastronok, but do no damage. You punch Gastronok.
Gastronok is heavily wounded.
Gastronok bites you.
You hit Gastronok. You peck Gastronok, but do no damage.
Gastronok is heavily wounded.
Gastronok bites you!!
Ouch! That really hurt!
You die...
Gastronok gurgles, "Let's see if you taste as good as that wizard did."

∙∙∙∙∙)∙∙▒▒∙▒ ▒∙▒ ▒▒▒▒∙∙∙∙∙∙∙▒
▒∙▒ ▒▒▒∙∙▒▒▒▒ ▒∙▒ ▒∙∙▒ ▒∙∙▒ ▒▒▒
▒∙∙▒▒ ∙∙ ▒∙∙∙▒ ▒! ▒▒∙∙▒ ▒
▒▒▒▒▒▒∙▒▒▒▒▒▒▒Q∙▒▒∙▒▒▒▒▒▒▒▒▒▒▒▒
▒∙∙∙∙∙))∙(∙∙Kw°∙∙∙∙▒>∙∙∙∙∙∙∙∙∙∙
▒∙▒▒▒▒∙▒▒▒▒▒▒▒○∙▒▒▒▒∙▒▒▒▒▒▒▒▒▒▒
▒∙ ▒∙∙▒ ▒∙▒ ▒K ▒∙∙▒ ▒)▒ ▒▒▒▒▒▒▒
▒K ▒▒▒▒▒▒∙∙▒▒▒▒∙▒ ▒∙∙∙∙∙∙ ∙w
∙∙∙∙∙∙∙∙∙∙∙∙∙▒ ▒∙▒▒▒▒▒ ▒▒
∙∙∙∙∙∙∙∙▒▒▒▒▒▒▒▒▒∙▒▒▒▒▒
▒▒▒▒▒▒▒∙▒ ▒∙∙∙∙∙∙▒▒


You could see Gastronok (drained) and a kobold (unable to see you).

Vanquished Creatures
  Pikel (D:7)
  Jeremiah (D:6)
  Grinder (D:5)
  Sigmund (D:4)
  5 yaks (D:8)
  3 water moccasins
  2 orc warriors
  An ogre (D:6)
  4 centaurs
  2 phantoms
  A kobold brigand (D:8)
  3 bullfrogs
  A scorpion (D:4)
  6 killer bees
  A howler monkey (D:4)
  3 bombardier beetles (D:5)
  6 hounds
  11 orc priests
  5 jellies
  5 iguanas
  A sleepcap (D:7)
  7 orc wizards
  13 adders
  A shadow imp (D:5)
  2 white imps (D:6)
  3 dart slugs
  4 ribbon worms
  47 orcs
  A bat (D:1)
  7 endoplasms
  2 giant cockroaches
  7 goblins
  9 hobgoblins
  10 jackals
  3 quokkas
  9 ball pythons
  2 frilled lizards
  10 kobolds
  6 rats
207 creatures vanquished.

Notes
Turn   | Place    | Note
-------+----------+-------------------------------------------
     0 | D:1      | Zeor the Tengu Reaver began the quest for the Orb.
     0 | D:1      | Reached XP level 1. HP: 12/12 MP: 4/4
   169 | D:1      | Reached XP level 2. HP: 17/17 MP: 6/6
   461 | D:1      | Reached skill level 4 in Long Blades
   461 | D:1      | Reached XP level 3. HP: 21/21 MP: 7/7
   464 | D:1      | Learned a level 2 spell: Momentum Strike
  1172 | D:2      | Reached XP level 4. HP: 19/26 MP: 8/8
  1384 | D:2      | Found a radiant altar of Vehumet.
  1724 | D:3      | Reached skill level 5 in Long Blades
  1724 | D:3      | Reached skill level 5 in Conjurations
  1724 | D:3      | Reached XP level 5. HP: 25/31 MP: 2/9
  1809 | D:3      | Found Vytz's Distillery.
  1818 | D:3      | Bought a potion of heal wounds for 55 gold pieces
  2504 | D:4      | Found a staircase to the Ecumenical Temple.
  2516 | D:4      | Reached skill level 1 in Armour
  2516 | D:4      | Reached XP level 6. HP: 26/36 MP: 10/10
  2536 | D:4      | Noticed Sigmund
  2548 | D:4      | Killed Sigmund
  2549 | D:4      | Reached skill level 6 in Long Blades
  2588 | D:4      | Learned a level 1 spell: Shock
  2590 | Temple   | Entered the Ecumenical Temple
  2606 | Temple   | Became a worshipper of the Wu Jian Council
  2667 | D:4      | Gained mutation: Your magical flight helps you evade
                  | attacks. (EV +4) [Tengu growth]
  2667 | D:4      | Reached XP level 7. HP: 40/40 MP: 11/11
  2675 | D:4      | Learned a level 1 spell: Sting
  2681 | D:4      | You are sucked into a shaft and drop 1 floor!
  2681 | D:5      | Entered Level 5 of the Dungeon
  2883 | D:5      | Noticed Grinder
  2893 | D:5      | Killed Grinder
  2894 | D:5      | Reached skill level 7 in Long Blades
  2936 | D:5      | Learned a level 3 spell: Hailstorm
  2938 | D:5      | Learned a level 1 spell: Apportation
  2994 | D:5      | Reached XP level 8. HP: 18/46 MP: 13/13
  3211 | D:5      | Learned a level 3 spell: Mephitic Cloud
  3395 | D:5      | Reached skill level 8 in Long Blades
  3733 | D:5      | Found a glowing silver altar of Zin.
  3921 | D:5      | Found an opulent altar of Gozag.
  3922 | D:5      | Found a hide-covered altar of Uskayaw.
  3924 | D:5      | Found a bloodstained altar of Trog.
  4234 | D:4      | Reached * piety under Wu Jian
  4240 | D:4      | Reached skill level 1 in Stealth
  4253 | D:4      | Found a broken altar of Ashenzari.
  4600 | D:6      | Reached XP level 9. HP: 44/52 MP: 13/15
  4674 | D:6      | Found an ancient bone altar of Kikubaaqudgha.
  4803 | D:6      | Reached skill level 9 in Long Blades
  4860 | D:6      | Found a radiant altar of Vehumet.
  4877 | D:6      | Reached skill level 1 in Alchemy
  4886 | D:6      | Reached skill level 1 in Air Magic
  4976 | D:6      | Noticed Jeremiah
  5016 | D:6      | Killed Jeremiah
  5598 | D:7      | Noticed Pikel
  5731 | D:7      | Killed Pikel
  5731 | D:7      | Reached ** piety under Wu Jian
  5732 | D:7      | Reached skill level 5 in Dodging
  5860 | D:7      | Reached skill level 10 in Long Blades
  5860 | D:7      | Reached XP level 10. HP: 52/58 MP: 9/17
  5934 | D:7      | Identified the +2 leather armour of Ru, Telling {Rampage
                  | rPois rC- Slay+2}
  6424 | D:8      | Reached *** piety under Wu Jian
  6886 | D:8      | Found Mucedgh's Magic Scroll Shoppe.
  6892 | D:8      | Bought a scroll of identify for 22 gold pieces
  6892 | D:8      | Bought a scroll of teleportation for 33 gold pieces
  6892 | D:8      | Bought a scroll of fear for 44 gold pieces
  6892 | D:8      | Bought a scroll of fog for 44 gold pieces
  6935 | D:8      | Noticed Gastronok
  7007 | D:8      | Identified the +1 plate armour of the Shifting Gods {Regen+
                  | Str+4 Dex-3 Slay+2}
  7018 | D:8      | Found a sacrificial altar of Ru.
  7078 | D:8      | Demolished by Gastronok

Illustrated notes

Levels and vault maps discovered:
D:1:      orjb1_clovarrival, layout_basic, serial_co_window_serial,
          co_window_paths_b, co_window_paths_a, co_window_paths_b,
          co_window_paths_a, co_window_cross_1, co_window_corner_a,
          co_window_of_opportunity_a, co_window_cross_4, co_window_corner_cb,
          co_window_corner_ca, co_window_corner_b, co_window_paths_e,
          glass_columns_c, glass_columns_b, glass_columns_a, glass_columns_b
D:2:      layout_rooms, basic_altar
D:3:      layout_loops_ring, serial_shops, shop
D:4:      layout_rooms, old_standard_altar, minmay_temple_entry_offerings,
          uniq_sigmund
D:5:      layout_loops_ring, zin_academy, minitemple, chequers_decorated_corner,
          minmay_manual_mares, uniq_grinder
D:6:      layout_basic, lemuel_tele_altar, old_standard_altar, uniq_jeremiah
D:7:      layout_gridville, uniq_pikel
D:8:      layout_loops_ring, mainiacjoe_overflow_alcove_2, serial_shops,
          nicolae_shop_rolling_square, minmay_hedge_maze, minivault_22,
          uniq_gastronok
Temple:   chequers_temple_sunken

Skill      XL: |  1  2  3  4  5  6  7  8  9 10 |
---------------+-------------------------------+-----
Long Blades    | 4 5 6 7 8 10 | 10.5
Conjurations   | 5 6 7 8 9 |  9.1
Armour         | 1 2 3 |  3.5
Fighting       | 3 4 |  4.7
Dodging        | 3 5 6 |  6.0
Spellcasting   | 3 4 |  4.2
Stealth        | 1 3 4 |  4.6
Alchemy        | 1 2 |  2.1
Air Magic      | 1 |  1.8
Translocations | |  0.6

Action                     |  1- 3 |  4- 6 |  7- 9 | 10-12 || total
---------------------------+-------+-------+-------+-------++-------
  Melee: Falchion          |    80 |   114 |   353 |   116 ||   663
         Kick              |    17 |    29 |   106 |    44 ||   196
         Peck              |    12 |     9 |    78 |    30 ||   129
         Punch             |       |     1 |     5 |     3 ||     9
   Cast: Momentum Strike   |     4 |    10 |     6 |       ||    20
         Kiss of Death     |       |     1 |     1 |     1 ||     3
         Sting             |       |       |    36 |     4 ||    40
         Shock             |       |       |     7 |     4 ||    11
         Mephitic Cloud    |       |       |    12 |     8 ||    20
Ability: Lunge             |       |     1 |    25 |    20 ||    46
         Whirlwind         |       |       |    19 |    20 ||    39
    Use: Scroll            |     6 |     3 |     5 |     4 ||    18
         Potion            |       |     1 |     4 |     1 ||     6
   Stab: Confused          |       |       |     7 |    12 ||    19
         Sleeping          |       |       |     3 |     1 ||     4
         Distracted        |       |       |       |     1 ||     1
 Armour: Leather armour    |    29 |    43 |    97 |    23 ||   192
  Dodge: Dodged            |    46 |    85 |   275 |    79 ||   485
